Map: Goldenaura LE

Players

Stats

  • Race: Protoss Protoss
  • League: Master
  • Spawn Location: 5:00

trigger - Winner!

  • Race: Protoss Protoss
  • League: Master
  • Spawn Location: 12:00

Event: Bellum Gens Elite Stara Zagora 2024

VOD

Have the link to the VOD?

Description

Time

  • Played on: Sept. 7, 2024, 8:55 a.m.
  • Length: 14:31

All games in this series

Show
View Real Time Build Order
Export as new Build Order

Stats Protoss 

Build Orders: Phoenix Opening 

Get SALT Encoding   

  12  0:00  Probe  
  13  0:12  Probe  
  14  0:17  Pylon  
  14  0:24  Probe (Chrono Boost)  
  15  0:36  Gateway  
  15  0:37  Probe (Chrono Boost)  
  16  0:44  Probe (Chrono Boost)  
  16  0:46  Assimilator  
  17  0:51  Probe  
  17  0:55  Assimilator  
  18  1:03  Probe (Chrono Boost)  
  19  1:09  Gateway  
  19  1:14  Probe (Chrono Boost)  
  20  1:19  Probe (Chrono Boost)  
  20  1:25  Cybernetics Core  
  21  1:29  Probe  
  22  1:35  Pylon  
  22  1:41  Probe  
  23  1:57  Probe  
  24  2:02  Sentry  
  24  2:03  Warp Gate  
  24  2:04  Stalker  
  28  2:15  Pylon  
  28  2:26  Stalker  
  30  2:30  Pylon  
  30  2:32  Phoenix  
  30  2:34  Stalker  
  32  2:53  Nexus  
  32  2:56  Sentry  
  34  3:02  Pylon  
  34  3:03  Probe  
  35  3:05  Sentry  
  37  3:15  Probe  
  38  3:25  Twilight Council  
  38  3:27  Probe (Chrono Boost)  
  39  3:36  Probe (Chrono Boost)  
  40  3:42  Probe (Chrono Boost)  
  41  3:51  Adept x2  
  41  3:54  Probe (Chrono Boost)  
  46  4:01  Probe (Chrono Boost)  
  47  4:06  Blink (Chrono Boost), Probe (Chrono Boost)  
  49  4:12  Stalker  
  49  4:14  Probe (Chrono Boost)  
  49  4:15  Probe (Chrono Boost)  
  49  4:16  Stalker  
  54  4:20  Probe (Chrono Boost)  
  54  4:21  Probe (Chrono Boost)  
  56  4:27  Pylon  
  56  4:33  Probe x2  
  58  4:39  Adept  
  58  4:40  Stalker  
  58  4:45  Assimilator  
  60  4:48  Robotics Facility  
  60  4:52  Shield Battery  
  60  4:56  Probe x2  
  60  4:58  Gateway  
  62  5:05  Stalker  
  62  5:06  Stalker  
  66  5:09  Probe x2  
  68  5:14  Pylon  
  68  5:23  Pylon  
  68  5:28  Immortal  
  68  5:32  Stalker x2  
  68  5:35  Shield Battery  
  72  5:45  Gateway  
  72  5:49  Forge  
  72  5:56  Probe  
  73  6:03  Adept x3  
  79  6:07  Observer  
  79  6:10  Resonating Glaives  
  80  6:12  Pylon  
  80  6:13  Pylon  
  80  6:15  Protoss Ground Weapons Level 1 (Chrono Boost)  
  80  6:28  Adept  
  80  6:29  Adept x2  
  86  6:38  Nexus  
  86  6:47  Immortal  
  90  6:51  Probe x2  
  90  6:53  Pylon  
  92  7:05  Adept x4  
  100  7:18  Gateway  
  100  7:20  Gateway  
  100  7:21  Shield Battery  
  100  7:23  Shield Battery  
  100  7:32  Adept  
  100  7:33  Adept x2  
  100  7:35  Shield Battery  
  106  7:41  Adept  
  104  7:53  Adept  
  104  7:54  Adept x2  
  110  8:03  Adept  
  106  8:06  Observer  
  106  8:13  Adept  
  106  8:14  Adept x3  
  106  8:16  Protoss Ground Weapons Level 2 (Chrono Boost)  
  114  8:21  Adept  
  114  8:25  Warp Prism  
  114  8:37  Adept  
  114  8:38  Adept x4  
  118  8:45  Gateway  
  118  8:50  Adept  
  120  9:01  Adept x3  
  120  9:02  Adept  
  118  9:06  Adept  
  118  9:09  Observer  
  120  9:15  Shield Battery  
  120  9:17  Adept  
  120  9:22  Adept  
  124  9:26  Pylon  
  124  9:27  Pylon x2  
  124  9:36  Observer  
  124  9:45  Gateway  
  124  9:46  Adept x4  
  124  9:47  Adept x3  
  138  10:00  Pylon  
  138  10:01  Pylon  
  138  10:04  Pylon  
  138  10:09  Adept x2  
  138  10:10  Adept x2  
  146  10:16  Probe x3  
  149  10:35  Stalker x3  
  151  10:36  Stalker x3  
  99  11:06  Adept x2  
  99  11:07  Adept x5  
  99  11:09  Probe x3  
  116  11:12  Robotics Facility, Robotics Bay  
  116  11:23  Assimilator  
  116  11:25  Assimilator  
  116  11:27  Probe  
  116  11:28  Probe x2  
  116  11:32  Adept x5  
  122  11:48  Adept x2  
  120  11:59  Disruptor x2, Probe x3  
  123  12:05  Nexus  
  123  12:06  Pylon  
  101  12:30  Stalker x2  
  101  12:31  Stalker x5  
  115  12:41  Probe x3  
  115  12:43  Assimilator  
  114  12:50  Disruptor (Chrono Boost)  
  114  12:51  Disruptor (Chrono Boost)  
  104  12:56  Shield Battery  
  104  12:57  Shield Battery  
  104  12:58  Photon Cannon  
  108  12:59  Adept  
  108  13:00  Adept, Photon Cannon  
  108  13:01  Photon Cannon  
  112  13:12  Stalker x2  
  112  13:22  Adept  
  112  13:23  Adept  
  111  13:37  Disruptor x2  
  119  13:42  Observer  
  119  13:46  Stalker  
  119  13:47  Stalker x6  
  111  14:04  Nexus  
  111  14:07  Pylon  
  99  14:18  Stalker x3  
  99  14:19  Stalker  
Show
View Real Time Build Order
Export as new Build Order

trigger Protoss - Winner!

Build Orders: Phoenix Opening 

Get SALT Encoding   

  12  0:00  Probe  
  13  0:12  Probe  
  14  0:16  Pylon  
  14  0:24  Probe (Chrono Boost)  
  16  0:36  Gateway, Probe (Chrono Boost)  
  16  0:42  Probe (Chrono Boost)  
  16  0:46  Assimilator  
  17  0:50  Probe  
  17  0:54  Assimilator  
  18  1:03  Probe (Chrono Boost)  
  19  1:09  Gateway  
  19  1:13  Probe (Chrono Boost)  
  19  1:17  Probe (Chrono Boost)  
  20  1:24  Cybernetics Core  
  21  1:29  Probe  
  22  1:39  Pylon  
  22  1:41  Probe  
  23  1:57  Probe  
  23  2:01  Stalker x2, Warp Gate  
  28  2:17  Pylon  
  28  2:32  Sentry  
  28  2:34  Sentry  
  32  2:43  Probe  
  33  2:46  Nexus  
  33  2:54  Robotics Facility  
  33  2:57  Probe  
  34  3:03  Phoenix  
  34  3:04  Pylon  
  34  3:10  Shield Battery  
  34  3:13  Probe  
  35  3:25  Probe  
  36  3:37  Probe  
  36  3:39  Immortal (Chrono Boost)  
  41  3:49  Probe  
  41  3:54  Sentry  
  41  3:55  Sentry  
  46  3:57  Probe  
  46  4:01  Probe  
  49  4:10  Probe (Chrono Boost)  
  49  4:12  Immortal (Chrono Boost)  
  49  4:14  Probe (Chrono Boost)  
  54  4:18  Pylon  
  54  4:21  Probe (Chrono Boost)  
  54  4:23  Probe (Chrono Boost)  
  56  4:26  Probe (Chrono Boost)  
  56  4:30  Shield Battery, Probe  
  58  4:45  Twilight Council, Probe  
  59  4:47  Warp Prism (Chrono Boost)  
  59  4:51  Sentry  
  63  4:54  Gateway  
  63  4:55  Gateway  
  63  5:03  Adept  
  63  5:04  Pylon  
  65  5:16  Immortal  
  69  5:24  Shield Battery, Gateway  
  69  5:25  Gateway  
  69  5:27  Phoenix  
  68  5:30  Adept x2  
  69  5:37  Probe  
  69  5:40  Resonating Glaives (Chrono Boost), Probe  
  71  5:51  Pylon  
  71  6:01  Immortal (Chrono Boost)  
  71  6:07  Probe  
  71  6:08  Probe  
  71  6:09  Pylon  
  77  6:12  Nexus  
  77  6:23  Probe x2  
  77  6:25  Immortal  
  79  6:29  Pylon  
  79  6:38  Probe, Pylon  
  83  6:42  Adept x2  
  83  6:43  Adept  
  83  6:44  Adept  
  91  6:55  Adept x2  
  95  7:10  Adept x4  
  95  7:12  Gateway  
  103  7:28  Pylon  
  106  7:31  Adept x4  
  106  7:34  Adept  
  113  7:37  Probe  
  110  7:52  Immortal (Chrono Boost)  
  110  7:53  Probe x3  
  110  7:55  Assimilator  
  97  8:07  Adept x3  
  97  8:08  Zealot x3  
  97  8:09  Probe x2  
  97  8:10  Probe  
  110  8:21  Probe x2  
  112  8:27  Probe  
  112  8:30  Observer (Chrono Boost)  
  112  8:31  Forge  
  112  8:33  Probe  
  107  8:36  Adept x4  
  107  8:41  Adept  
  109  8:43  Probe  
  109  8:44  Probe  
  109  8:45  Probe  
  112  8:58  Adept  
  112  8:59  Protoss Ground Weapons Level 1 (Chrono Boost)  
  112  9:00  Adept x4  
  112  9:02  Adept  
  118  9:04  Adept  
  118  9:08  Assimilator  
  120  9:10  Pylon  
  120  9:25  Pylon  
  120  9:29  Adept x6  
  120  9:30  Adept  
  134  9:48  Photon Cannon  
  134  9:54  Probe x2  
  134  9:55  Robotics Bay, Probe  
  134  9:56  Assimilator  
  137  10:00  Assimilator  
  137  10:04  Nexus  
  137  10:06  Probe  
  138  10:09  Shield Battery  
  138  10:10  Shield Battery, Probe x2  
  138  10:12  Shield Battery  
  138  10:13  Pylon  
  140  10:18  Probe  
  140  10:21  Blink  
  141  10:29  Shield Battery  
  141  10:31  Shield Battery  
  141  10:32  Pylon  
  141  10:34  Adept x2  
  145  10:36  Adept x3  
  145  10:42  Probe  
  149  10:46  Disruptor (Chrono Boost)  
  149  10:47  Adept  
  104  10:57  Adept x4  
  104  11:03  Adept  
  106  11:06  Protoss Ground Weapons Level 2 (Chrono Boost)  
  106  11:09  Probe x2  
  106  11:13  Stalker x2  
  110  11:19  Disruptor (Chrono Boost)  
  110  11:20  Probe x2  
  110  11:21  Probe  
  117  11:28  Adept x4  
  117  11:31  Adept  
  116  11:42  Adept  
  116  11:43  Adept  
  116  11:48  Probe  
  116  11:52  Probe  
  118  11:55  Stalker x4  
  126  12:04  Adept x3  
  130  12:11  Probe x2  
  130  12:12  Probe  
  130  12:19  Adept  
  130  12:20  Adept x3  
  138  12:28  Adept x3  
  133  12:32  Warp Prism (Chrono Boost)  
  134  12:39  Probe x2  
  134  12:40  Probe x2  
  134  12:42  Shield Battery  
  136  12:48  Stalker x2  
  137  12:53  Stalker  
  137  12:55  Stalker  
  141  13:02  Stalker x2  
  145  13:06  Stalker  
  145  13:08  Observer (Chrono Boost)  
  145  13:12  Photon Cannon  
  138  13:31  Stalker x6  
  138  13:32  Stalker  
  150  13:35  Photon Cannon  
  149  13:48  Probe x4  
  147  13:56  Stalker x3  
  153  14:04  Probe x3  
Tags
 
Add a new tag
Caveats
  • Supply blocks, unpowered buildings, or Contaminate may cause inaccurate times.
  • Supply counts are checked every 10 seconds.